 Dungeon Crawl Stone Soup version 0.28.0-43-g3370ac3207 (webtiles) character file.

Game seed: 8980426086136390354

1342 Ablot the Grasshopper (level 8, -2/64 HPs)
             Began as a Gnoll Warper on Mar 2, 2022.
             Was an Initiate of Okawaru.
             Slain by a sky beast (6 damage)
             ... on level 6 of the Dungeon.
             The game lasted 00:10:23 (7540 turns).

Ablot the Grasshopper (Gnoll Warper)                Turns: 7540, Time: 00:10:24

Health: -2/64      AC:  4    Str: 12    XL:     8   Next: 62%
Magic:  17/17      EV: 13    Int: 12    God:    Okawaru [......]
Gold:   248        SH:  0    Dex: 13    Spells: 17/19 levels left

rFire   . . .      SeeInvis .   a - +0 spear
rCold   . . .      Faith    .   (no shield)
rNeg    . . .      Spirit   .   b - +0 leather armour
rPois   .          Reflect  .   (no helmet)
rElec   .          Harm     .   t - +0 cloak
rCorr   .          Rampage  .   (no gloves)
Will    .....                   (no boots)
Stlth   ++........              (no amulet)
HPRegen 0.20/turn               h - ring of wizardry
MPRegen 0.15/turn               (no ring)

@: no status effects
A: fangs 1, strong nose, distributed training
a: Renounce Religion


You were on level 6 of the Dungeon.
You worshipped Okawaru.
Okawaru was noncommittal.
You visited 2 branches of the dungeon, and saw 7 of its levels.

You collected 248 gold pieces.

Inventory:

Hand Weapons
 a - a +0 spear (weapon)
 l - the +3 hunting sling "Hulk" {vorpal, Str-3 Dex+8}
   (You found it on level 2 of the Dungeon)

   Any ammunition fired from it inflicts extra damage upon your enemies.
   Str:       It affects your strength (-3).
   Dex:       It affects your dexterity (+8).
Missiles
 d - 5 boomerangs of dispersal
 g - 211 stones
 j - 58 sling bullets
 o - 65 bolts
 s - 21 poisoned darts (quivered)
 u - 30 arrows
 D - a boomerang
Armour
 b - a +0 leather armour (worn)
 t - a +0 cloak (worn)
Magical Staves
 n - a staff of earth
Jewellery
 h - a ring of wizardry (left hand)
Wands
 q - a wand of flame (4)
 C - a wand of acid (6)
Scrolls
 c - 4 scrolls of blinking
 e - a scroll of silence {unknown}
 f - 5 scrolls of identify {unknown}
 k - a scroll of immolation {unknown}
 m - 2 scrolls of teleportation {unknown}
 p - a scroll of noise {unknown}
 x - 2 scrolls of fog {unknown}
 y - 2 scrolls of enchant armour {unknown}
 G - a scroll of amnesia {unknown}
Potions
 i - 3 potions of curing {unknown}
 r - 2 potions of degeneration {unknown}
 v - 3 potions of brilliance {unknown}
 w - a potion of ambrosia {unknown}
 z - a potion of mutation {unknown}
 A - a potion of flight {unknown}
 B - a potion of might {unknown}
 E - 2 potions of heal wounds {unknown}
 F - a potion of cancellation {unknown}


   Skills:
 + Level 5.8 Fighting
 + Level 3.4 Short Blades
 + Level 3.4 Long Blades
 + Level 3.4 Axes
 + Level 3.4 Maces & Flails
 + Level 5.8 Polearms
 + Level 3.4 Staves
 + Level 3.4 Slings
 + Level 3.4 Bows
 + Level 3.4 Crossbows
 + Level 4.3 Throwing
 + Level 4.3 Armour
 + Level 5.8 Dodging
 + Level 3.4 Stealth
 + Level 3.4 Shields
 + Level 3.4 Unarmed Combat
 + Level 6.1 Spellcasting
 + Level 2.8 Conjurations
 + Level 2.8 Hexes
 + Level 2.8 Summonings
 + Level 2.8 Necromancy
 + Level 6.2 Translocations
 + Level 2.8 Transmutations
 + Level 2.8 Fire Magic
 + Level 2.8 Ice Magic
 + Level 2.8 Air Magic
 + Level 2.8 Earth Magic
 + Level 2.8 Poison Magic
 + Level 3.8 Invocations
 + Level 3.4 Evocations


You had 17 spell levels left.
You knew the following spells:

 Your Spells              Type           Power      Damage    Failure   Level
a - Blink                 Tloc           36%        N/A       1%          2

Your spell library contained the following spells:

 Spells                   Type           Power      Damage    Failure   Level
 Apportation              Tloc           36%        N/A       1%          1
 Pain                     Necr           40%        1d6       2%          1
 Gell's Gravitas          Tloc           18%        N/A       2%          3
 Lesser Beckoning         Tloc           18%        N/A       2%          3
 Teleport Other           Tloc           18%        N/A       2%          3
 Vampiric Draining        Necr           10%        2d6       9%          3
 Manifold Assault         Tloc           18%        N/A       19%         5
 Animate Skeleton         Necr           Unusable   N/A       N/A         1
 Summon Small Mammal      Summ           Unusable   N/A       N/A         1

Dungeon Overview and Level Annotations

Branches:
Dungeon (6/15)             Temple (1/1) D:5

Altars:
Ashenzari
Cheibriados
Dithmenos
Elyvilon
Fedhas
Hepliaklqana
Kikubaaqudgha
Makhleb
Nemelex Xobeh
Okawaru
Qazlal
Ru
Sif Muna
Trog
Uskayaw
Vehumet
Wu Jian
Xom
Yredelemnul
Zin
The Shining One


Innate Abilities, Weirdness & Mutations

You have very sharp teeth.
Your uncanny sense of smell can sniff out nearby items.
Your experience applies equally to all skills.


Message History

The sky beast hits you. The sky beast shocks you.
You closely miss the sky beast. You bite the sky beast.
The sky beast is heavily wounded.
The sky beast flickers out of sight!
Deactivating autopickup; reactivate with Ctrl-A.
Something hits you but does no damage.
You miss something. Your bite misses something.
Something hits you but does no damage.
You miss something.
A sky beast appears from thin air!
Reactivating autopickup.
The sky beast hits you. The sky beast shocks you.
You hit the sky beast.
The sky beast is severely wounded.
You closely miss the sky beast.
The sky beast is severely wounded.
The sky beast closely misses you.
You hit the sky beast. You bite the sky beast.
The sky beast is severely wounded.
The sky beast hits you but does no damage.
You closely miss the sky beast. You punch the sky beast.
The sky beast is severely wounded.
The sky beast hits you but does no damage.
You hit the sky beast.
The sky beast is severely wounded.
The sky beast flickers out of sight!
Deactivating autopickup; reactivate with Ctrl-A.
Something hits you but does no damage.
You closely miss something. Something hits you.
* * * LOW HITPOINT WARNING * * *
Something shocks you.
* * * LOW HITPOINT WARNING * * *
You closely miss something. You closely miss something. Something hits you.
* * * LOW HITPOINT WARNING * * *
Something shocks you.
* * * LOW HITPOINT WARNING * * *
You miss something. Something hits you.
* * * LOW HITPOINT WARNING * * *
Something shocks you.
You die...

#...# .# #...
.# ####.###.#
#........#####.
#.##.##........
#.##.#...(.( #
#..#.# ....(
###.###.#{#
....
#.......#@# ...
#.#.......# ..
#####.### . #
#....#
#.##.##.#
#.......#
####.####
###.#### ∆
#......#


There were no monsters in sight!

Vanquished Creatures
  Grinder (D:4)
  A wraith (D:5)
  A black bear (D:4)
  3 ogres
  A phantom (D:5)
  2 scorpions (D:5)
  A centaur zombie (D:5)
  A hound (D:4)
  An orc priest (D:5)
  2 centaur skeletons
  Crazy Yiuf (D:3)
  Ijyb (D:3)
  An iguana (D:4)
  An orc wizard (D:4)
  A killer bee zombie (D:5)
  A hound skeleton (D:4)
  3 gnolls
  5 adders
  2 worms
  5 dart slugs
  7 orcs
  4 bats
  10 endoplasms
  4 giant cockroaches
  8 goblins
  9 hobgoblins
  12 kobolds
  5 quokkas
  A ball python (D:1)
  17 frilled lizards
  11 rats
123 creatures vanquished.

Vanquished Creatures (others)
  An endoplasm (D:2)
  11 plants
12 creatures vanquished.

Grand Total: 135 creatures vanquished

Notes
Turn   | Place    | Note
-------+----------+-------------------------------------------
     0 | D:1      | Ablot the Gnoll Warper began the quest for the Orb.
     0 | D:1      | Reached XP level 1. HP: 20/20 MP: 6/6
   181 | D:1      | Reached XP level 2. HP: 21/26 MP: 7/7
   184 | D:1      | Learned a level 2 spell: Blink
   707 | D:2      | Reached XP level 3. HP: 12/31 MP: 9/9
   712 | D:2      | Reached skill level 5 in Spellcasting
  1165 | D:2      | Reached skill level 1 in Invocations
  1658 | D:2      | Reached skill level 1 in Short Blades
  1658 | D:2      | Reached skill level 1 in Long Blades
  1658 | D:2      | Reached skill level 1 in Axes
  1658 | D:2      | Reached skill level 1 in Maces & Flails
  1658 | D:2      | Reached skill level 1 in Staves
  1658 | D:2      | Reached skill level 1 in Slings
  1658 | D:2      | Reached skill level 1 in Bows
  1658 | D:2      | Reached skill level 1 in Crossbows
  1658 | D:2      | Reached skill level 1 in Stealth
  1658 | D:2      | Reached skill level 1 in Shields
  1658 | D:2      | Reached skill level 1 in Unarmed Combat
  1658 | D:2      | Reached skill level 1 in Evocations
  1863 | D:2      | Reached XP level 4. HP: 28/38 MP: 11/11
  1866 | D:2      | Identified the +3 hunting sling "Hulk" {vorpal, Str-3
                  | Dex+8}
  2654 | D:3      | Noticed Ijyb
  2670 | D:3      | Reached skill level 1 in Conjurations
  2670 | D:3      | Reached skill level 1 in Hexes
  2670 | D:3      | Reached skill level 1 in Summonings
  2670 | D:3      | Reached skill level 1 in Necromancy
  2670 | D:3      | Reached skill level 1 in Transmutations
  2670 | D:3      | Reached skill level 1 in Fire Magic
  2670 | D:3      | Reached skill level 1 in Ice Magic
  2670 | D:3      | Reached skill level 1 in Air Magic
  2670 | D:3      | Reached skill level 1 in Earth Magic
  2670 | D:3      | Reached skill level 1 in Poison Magic
  2678 | D:3      | Killed Ijyb
  2679 | D:3      | Reached XP level 5. HP: 5/43 MP: 12/12
  3553 | D:3      | Found a runed translucent door.
  3555 | D:3      | Noticed Crazy Yiuf
  3562 | D:3      | Killed Crazy Yiuf
  4183 | D:4      | Noticed a black bear
  4184 | D:4      | Reached XP level 6. HP: 50/50 MP: 13/13
  4200 | D:4      | Killed a black bear
  4201 | D:4      | Reached skill level 5 in Fighting
  4201 | D:4      | Reached skill level 5 in Polearms
  4201 | D:4      | Reached skill level 5 in Dodging
  4503 | D:4      | Noticed Grinder
  4503 | D:4      | Paralysed by Grinder for 4 turns
  4752 | D:4      | Killed Grinder
  4753 | D:4      | Reached XP level 7. HP: 31/56 MP: 15/15
  5169 | D:5      | Entered Level 5 of the Dungeon
  5486 | D:5      | Noticed a wraith
  6147 | D:5      | HP: 2/56 [ogre/+0 giant club (14)]
  6168 | D:5      | Reached XP level 8. HP: 7/63 MP: 14/16
  6658 | D:5      | Killed a wraith
  6713 | D:5      | Found a staircase to the Ecumenical Temple.
  6722 | Temple   | Entered the Ecumenical Temple
  6986 | Temple   | Became a worshipper of Warmaster Okawaru
  7540 | D:6      | Slain by a sky beast

Illustrated notes

Levels and vault maps discovered:
D:1:      minmay_arrival_open_corners, layout_rooms, minmay_tiny_reverse_x
D:2:      layout_loops_ring, chequers_serial_rivers_micro_e, minmay_lizard_king
D:3:      cheibrodos_greedy_goblins, layout_rooms, lexackson_kobold_supper,
          uniq_crazy_yiuf_cottage, uniq_ijyb
D:4:      layout_basic, uniq_grinder
D:5:      layout_gridville, minmay_temple_entry_large_hall
D:6:      layout_loops_cross, minmay_misc_feat_secret_circle
Temple:   nicolae_temple_the_god_donut

Skill      XL: |  1  2  3  4  5  6  7  8 |
---------------+-------------------------+-----
Spellcasting   | 5 6 |  6.1
Invocations    | 1 2 3 |  3.8
Short Blades   | 1 2 3 |  3.4
Long Blades    | 1 2 3 |  3.4
Axes           | 1 2 3 |  3.4
Maces & Flails | 1 2 3 |  3.4
Staves         | 1 2 3 |  3.4
Slings         | 1 2 3 |  3.4
Bows           | 1 2 3 |  3.4
Crossbows      | 1 2 3 |  3.4
Stealth        | 1 2 3 |  3.4
Shields        | 1 2 3 |  3.4
Unarmed Combat | 1 2 3 |  3.4
Evocations     | 1 2 3 |  3.4
Conjurations   | 1 2 |  2.8
Hexes          | 1 2 |  2.8
Summonings     | 1 2 |  2.8
Necromancy     | 1 2 |  2.8
Transmutations | 1 2 |  2.8
Fire Magic     | 1 2 |  2.8
Ice Magic      | 1 2 |  2.8
Air Magic      | 1 2 |  2.8
Earth Magic    | 1 2 |  2.8
Poison Magic   | 1 2 |  2.8
Throwing       | 3 4 |  4.3
Armour         | 3 4 |  4.3
Fighting       | 5 |  5.8
Polearms       | 5 |  5.8
Dodging        | 5 |  5.8
Translocations | 6 |  6.2

Action                   |  1- 3 |  4- 6 |  7- 9 || total
-------------------------+-------+-------+-------++-------
Melee: Spear             |   192 |   207 |   116 ||   515
       Bite              |    10 |    19 |    11 ||    40
       Punch             |     3 |     1 |     4 ||     8
 Fire: Hunting sling     |       |    54 |    45 ||    99
Throw: Dart              |       |       |     8 ||     8
 Cast: Blink             |       |     3 |     4 ||     7
Evoke: Wand              |       |       |     7 ||     7
 Stab: Sleeping          |     1 |     5 |     1 ||     7
       Distracted        |       |     1 |       ||     1
Armor: Leather armour    |    21 |    44 |    36 ||   101
Dodge: Dodged            |    77 |   115 |    62 ||   254
